 Dungeon Crawl Stone Soup version 0.22-a0-99-g1ac4c55 (webtiles) character file.

48 Gorglomux the Shield-Bearer (level 3, 0/31 HPs)
             Began as a Minotaur Fighter on Jan 25, 2018.
             Succumbed to an adder's poison
             ... on level 1 of the Dungeon.
             The game lasted 00:05:26 (2511 turns).

Gorglomux the Shield-Bearer (Minotaur Fighter)      Turns: 2511, Time: 00:05:27

Health: 0/31       AC:  6    Str: 25    XL:     3   Next: 50%
Magic:  2/2        EV:  9    Int:  5    God:
Gold:   13         SH: 10    Dex: 10    Spells: 2/2 levels left

rFire    . . .     SeeInvis .   a - +1 long sword {!a}
rCold    . . .     Gourm    .   c - +1 shield
rNeg     . . .     Faith    .   b - +0 scale mail
rPois    .         Spirit   .   (helmet restricted)
rElec    .         Reflect  .   (no cloak)
rCorr    .         Harm     .   (no gloves)
MR       .....                  (no boots)
Stlth    ..........             (no amulet)
HPRegen  0.10/turn              (no ring)
MPRegen  0.08/turn              (no ring)

@: mighty, lethally poisoned (0 -> -7)
A: retaliatory headbutt, horns 2
a: no special abilities


You were on level 1 of the Dungeon.
You were hungry.

You visited 1 branch of the dungeon, and saw 2 of its levels.

You collected 13 gold pieces.

Inventory:

Hand Weapons
 a - a +1 long sword (weapon) {!a}
Armour
 b - a +0 scale mail (worn)
 c - a +1 shield (worn)
Scrolls
 g - a scroll of enchant weapon
 h - a scroll of enchant armour
 k - a scroll of remove curse
 R - a scroll of identify
Comestibles
 f - a ration


   Skills:
 - Level 3.6 Fighting
 - Level 2.4 Long Blades
 - Level 3.6 Armour
 + Level 3.5 Dodging
 - Level 3.6 Shields


You had 2 spell levels left.
You didn't know any spells.

Dungeon Overview and Level Annotations

Branches:
Dungeon (2/15)

Altars:

Annotations:
D:1 exclusion: door


Innate Abilities, Weirdness & Mutations

You reflexively headbutt those who attack you in melee.
You have a pair of horns on your head.


Message History

* * * don'butt die
* * * You feel sick!
The adder bites butt but does no damage!
The adder closely misses you!
You riposte!
You miss the adder!
The adder is almost dead!
As you read the scroll labeled NEIRUO HOOPNU, it crumbles to dust!
It is a scroll of enchant weapon!
Your +0 long sword {!!.a} glows red for a moment!
The adder bites you but does no damage!
As you read the scroll labeled QEIGAWK XOLU, it crumbles to dust!
It is a scroll of enchant armour!
Your +0 shield glows green for a moment! * * * don't die
* * * You feel sick!
The adder barely misses you!
You riposte!
Your shield prevents you from hitting the adder!
The adder is almost dead!
As you read the scroll labeled EGHUAPLOCLUCENN, butt crumbles to dust!
It is a scroll of identify!
k - a scroll of remove curse;
R - a scroll of identify rip

###.# ###########...†............
..#.# #........##................
....# #..........................
..#####........####.#..#.).......
...............# ##..............
#######........###...............
..#.....#........................
#.#.######......##......#........
.......(.......S@...........#####
#.#.###.##.....)#.......###.# #
#.#.....##......#.......# #.# #
#.#...#.##......#......## #.# #
#.#...#.##......#.....## #.# #
#.#...#..+......#.....# #.# #
#.#...####......#..>..### #.# #
#.#...# #......#######.###.# ###
..#...# ###'#### #.....# #..


You could see an adder.

Vanquished Creatures
  2 oozes (D:2)
  3 dart slugs (D:1)
  A leopard gecko (D:1)
  A giant cockroach (D:1)
  6 goblins (D:1)
  A hobgoblin (D:1)
  4 jackals (D:1)
  5 kobolds (D:1)
  A ball python (D:1)
  3 bats
  2 frilled lizards (D:1)
  3 rats (D:1)
32 creatures vanquished.

Notes
Turn   | Place    | Note
-------+----------+-------------------------------------------
     0 | D:1      | Gorglomux the Minotaur Fighter began the quest for the Orb.
     0 | D:1      | Reached XP level 1. HP: 19/19 MP: 0/0
   232 | D:1      | Reached skill level 1 in Dodging
   324 | D:1      | Reached XP level 2. HP: 4/26 MP: 1/1
  1039 | D:1      | HP: 1/26 [dart slug/slug dart (4)]
  1858 | D:1      | Reached skill level 3 in Dodging
  1888 | D:1      | Reached XP level 3. HP: 22/31 MP: 2/2
  2508 | D:1      | HP: 1/31 [poisoned by an adder]
  2511 | D:1      | Succumbed to an adder's poison

Vault maps used:
D:1:      evilmike_arrival_run_for_it
D:2:      amethyst_overflow_temple_binary

Skill      XL: |  1  2 |
---------------+-------+-----
Dodging        | 1 3 |  3.5
Fighting       | |  3.6
Long Blades    | |  2.4
Armour         | |  3.6
Shields        | |  3.6

Action                   || total
-------------------------++-------
Melee: Long sword        ||     1
       Headbutt          ||     5
  Use: Scroll            ||     3
       Potion            ||     1
  Eat: Chunk             ||     4
Armor: Scale mail        ||   185
Dodge: Dodged            ||   149
Block: Shield            ||   241
       Rpst.: Long sword ||    41

Table legend:
 A = Spawn XP
 B = Non-spawn XP
 C = Spawn XP percentage of total XP
 D = Spawn monster count
 E = Non-spawn monster count
 F = Spawn count percentage of total count
 G = Total turns spent on level
                    A         B        C        D         E        F      G
               +---------+---------+-------+---------+---------+-------+---------
         Total |       0 |      69 |   0.0 |       0 |      32 |   0.0 |  2511
               +---------+---------+-------+---------+---------+-------+---------
           D:1 |       0 |      54 |   0.0 |       0 |      29 |   0.0 |  2410
           D:2 |       0 |      15 |   0.0 |       0 |       3 |   0.0 |   101
               +---------+---------+-------+---------+---------+-------+---------
